Map: Pendiente de Agustín EE

Players

MrFercho

  • Race: Zerg Zerg
  • League: Gold
  • Spawn Location: 11:00

tigro

  • Race: Terran Terran
  • League: Bronze
  • Spawn Location: 12:00

TATORREA

  • Race: Protoss Protoss
  • League: Gold
  • Spawn Location: 12:00

jbotah

  • Race: Zerg Zerg
  • League: Platinum
  • Spawn Location: 6:00

Arto

  • Race: Protoss Protoss
  • League: Gold
  • Spawn Location: 6:00

Broth

  • Race: Terran Terran
  • League: Silver
  • Spawn Location: 5:00

VOD

Have the link to the VOD?

Description

Time

  • Played on: Aug. 5, 2020, 9:55 p.m.
  • Length: 9:20
Show
View Real Time Build Order
Export as new Build Order

MrFercho Zerg 

Build Orders: Hatch First 

Get SALT Encoding   

  12  0:06  Drone  
  13  0:17  Overlord  
  13  0:18  Drone  
  14  0:37  Drone x2  
  16  0:54  Hatchery  
  15  0:57  Drone x2  
  15  1:03  Drone  
  18  1:11  Extractor  
  18  1:17  Spawning Pool  
  16  1:19  Drone  
  16  1:23  Drone  
  18  1:32  Drone  
  19  1:46  Drone  
  20  1:55  Overlord  
  20  2:10  Overlord  
  20  2:11  Drone  
  20  2:12  Queen x2  
  25  2:18  Zergling x2  
  25  2:19  Zergling x2  
  27  2:32  Drone x2  
  29  2:42  Drone x2  
  31  2:49  Drone  
  32  2:54  Drone  
  32  2:55  Queen  
  32  2:58  Lair  
  35  3:00  Drone x2  
  37  3:12  Roach Warren  
  37  3:20  Drone x2  
  37  3:23  Evolution Chamber  
  37  3:28  Drone  
  37  3:29  Overlord, Drone x5  
  37  3:30  Overlord  
  43  3:52  Zerg Missile Weapons Level 1  
  43  3:53  Evolution Chamber  
  41  4:03  Roach x7  
  41  4:04  Overlord  
  41  4:05  Overlord  
  41  4:08  Drone  
  41  4:09  Drone  
  57  4:12  Extractor  
  57  4:13  Extractor  
  55  4:17  Overlord x2  
  55  4:34  Drone  
  55  4:35  Drone x2  
  55  4:36  Drone x2  
  60  4:56  Roach x2  
  60  4:57  Overlord  
  60  4:58  Overlord x2  
  64  5:06  Drone  
  65  5:09  Drone  
  65  5:13  Glial Reconstitution  
  66  5:18  Drone x2  
  66  5:37  Hatchery  
  66  5:39  Queen  
  67  5:50  Drone  
  67  5:52  Hatchery  
  67  5:56  Zerg Missile Weapons Level 2  
  67  5:57  Zerg Ground Armor Level 1  
  67  6:11  Drone x4  
  67  6:12  Drone x5  
  67  6:17  Overlord  
  76  6:20  Overlord  
  76  6:33  Queen  
  78  6:54  Overseer  
  78  7:01  Hydralisk Den  
  78  7:03  Extractor, Drone  
  78  7:05  Drone  
  78  7:06  Drone x3  
  81  7:12  Roach x9  
  95  7:25  Spore Crawler  
  95  7:27  Drone x3  
  95  7:28  Drone  
  98  7:30  Drone  
  99  7:55  Muscular Augments  
  99  7:57  Metabolic Boost  
  99  8:03  Drone  
  99  8:04  Drone x5  
  99  8:05  Drone x6  
  110  8:08  Extractor, Queen  
  110  8:10  Extractor  
  111  8:17  Zergling x2  
  111  8:18  Zergling x12  
  111  8:19  Overlord x3  
  118  8:28  Hatchery  
  118  8:32  Infestation Pit  
  116  8:34  Lurker Den  
Show
View Real Time Build Order
Export as new Build Order

tigro Terran 

Build Orders:  

Get SALT Encoding   

  12  0:15  Supply Depot  
  12  0:17  SCV  
  13  0:29  SCV  
  14  0:41  SCV  
  15  0:44  Barracks  
  15  0:49  Refinery  
  15  0:53  SCV  
  16  1:05  SCV  
  17  1:17  SCV  
  18  1:23  Supply Depot  
  18  1:29  SCV  
  18  1:32  Marine  
  20  1:42  SCV  
  20  1:45  Refinery  
  21  1:50  Marine  
  21  1:54  SCV  
  23  2:06  SCV  
  23  2:07  Factory  
  23  2:08  Marine  
  25  2:21  SCV  
  26  2:26  Marine  
  27  2:33  Engineering Bay  
  27  2:43  Marine  
  28  2:51  Orbital Command  
  28  2:54  Factory Tech Lab  
  28  3:02  Barracks Tech Lab  
  28  3:05  Barracks  
  28  3:23  Siege Tank  
  31  3:55  Siege Tank  
  34  4:03  Barracks Reactor  
  34  4:04  Command Center  
  34  4:06  Combat Shield  
  34  4:11  Terran Infantry Weapons Level 1  
  34  4:27  Siege Tank  
  37  5:30  Refinery  
  37  5:31  SCV  
  37  5:32  Marine x2  
  37  5:33  Marine  
  41  5:43  SCV  
  41  5:45  Starport  
  42  5:50  Marine x3, Siege Tank  
  42  5:51  Armory  
  42  5:55  SCV  
  49  6:06  Terran Infantry Armor Level 1  
  49  6:07  SCV  
  49  6:08  Marine x3  
  53  6:19  SCV  
  53  6:22  Refinery  
  53  6:23  Stimpack  
  54  6:26  Marine x3  
  54  6:30  Medivac  
  54  6:31  SCV  
  60  6:43  SCV  
  60  6:44  Marine  
  62  7:03  Fusion Core  
  62  7:08  Supply Depot  
  62  7:14  Starport Tech Lab  
  62  7:30  SCV  
  62  7:31  Supply Depot  
  63  7:42  SCV  
  64  7:53  Supply Depot  
  64  7:54  SCV  
  65  8:06  SCV  
  66  8:18  SCV  
  67  8:30  Command Center  
Show
View Real Time Build Order
Export as new Build Order

TATORREA Protoss 

Build Orders:  

Get SALT Encoding   

  12  0:03  Probe  
  13  0:16  Probe  
  14  0:27  Pylon  
  14  0:28  Probe  
  15  0:45  Probe  
  16  0:57  Probe  
  17  1:09  Gateway  
  17  1:10  Probe (Chrono Boost)  
  18  1:11  Gateway  
  18  1:20  Probe (Chrono Boost)  
  18  1:25  Assimilator, Probe (Chrono Boost)  
  19  1:27  Pylon  
  20  1:36  Pylon  
  20  1:37  Assimilator  
  20  1:39  Probe  
  21  1:51  Probe  
  22  2:03  Probe  
  23  2:15  Probe  
  23  2:18  Cybernetics Core  
  23  2:20  Gateway  
  23  2:22  Gateway  
  24  2:42  Nexus  
  24  2:48  Pylon  
  24  2:56  Pylon  
  24  3:01  Probe  
  25  3:08  Warp Gate  
  25  3:13  Probe  
  25  3:16  Twilight Council  
  26  3:25  Probe  
  27  3:36  Stalker  
  27  3:37  Probe  
  27  3:38  Stalker  
  32  3:44  Sentry  
  32  3:46  Sentry  
  36  3:49  Probe  
  36  3:55  Probe  
  38  4:01  Probe  
  39  4:06  Stalker  
  39  4:07  Probe  
  42  4:10  Stalker  
  42  4:15  Zealot  
  46  4:19  Zealot  
  46  4:21  Probe  
  46  4:23  Probe  
  50  4:29  Blink  
  50  4:33  Probe  
  50  4:35  Probe  
  45  4:50  Probe x2  
  45  5:02  Probe  
  45  5:03  Probe  
  47  5:14  Probe  
  47  5:15  Probe  
  49  5:27  Assimilator, Probe x2  
  51  5:29  Assimilator  
  51  5:34  Robotics Facility  
  51  5:35  Robotics Facility  
  51  5:39  Probe x2  
  53  5:51  Probe x2  
  55  6:03  Probe x2, Nexus  
  57  6:04  Pylon  
  57  6:06  Pylon  
  57  6:13  Stalker x2  
  57  6:14  Stalker  
  57  6:15  Probe x2  
  57  6:16  Stalker  
  67  6:28  Probe x2  
  69  6:37  Immortal  
  73  6:40  Probe x2  
  73  6:43  Immortal  
  79  6:52  Charge, Probe x2  
  81  6:58  Templar Archives  
  81  7:04  Probe x2  
  83  7:16  Immortal  
  83  7:17  Probe  
  83  7:18  Probe  
  83  7:19  Probe  
  83  7:22  Immortal  
  94  7:29  Probe  
  95  7:30  Probe  
  95  7:31  Probe  
  95  7:33  Assimilator  
  97  7:37  Assimilator  
  97  7:42  Probe x2  
  97  7:43  Forge  
  99  7:44  Forge  
  99  7:46  Forge  
  99  7:48  Probe  
  100  7:54  Probe  
  101  8:10  Pylon  
  101  8:12  Pylon  
  101  8:20  Pylon  
  101  8:23  Pylon  
  101  8:28  Probe x2  
  101  8:31  Gateway  
  101  8:32  Pylon  
  101  8:33  Gateway  
  103  8:35  Gateway  
  103  8:37  Gateway  
  102  8:41  Pylon  
  102  8:44  Pylon  
  102  8:48  Pylon  
  51  9:11  Zealot x3  
  51  9:12  Zealot  
Show
View Real Time Build Order
Export as new Build Order

jbotah Zerg 

Build Orders: Hatch First, Lurkers 

Get SALT Encoding   

  12  0:01  Drone  
  13  0:13  Overlord  
  13  0:21  Drone  
  14  0:35  Drone x3  
  17  0:48  Drone  
  18  1:01  Hatchery  
  17  1:11  Spawning Pool  
  16  1:16  Extractor, Drone  
  16  1:20  Drone  
  16  1:25  Drone  
  18  1:36  Drone  
  19  1:41  Drone  
  20  1:55  Drone  
  20  1:59  Extractor, Queen  
  22  2:01  Overlord  
  22  2:13  Queen  
  22  2:15  Overlord  
  24  2:16  Drone  
  24  2:20  Metabolic Boost  
  25  2:26  Drone x2  
  27  2:38  Drone x2  
  29  2:45  Lair  
  29  2:52  Drone x2  
  31  3:06  Zergling x4  
  31  3:08  Zergling x4  
  35  3:14  Drone  
  35  3:15  Drone  
  37  3:26  Zergling x4, Baneling Nest  
  38  3:34  Drone x3  
  38  3:35  Drone  
  42  3:58  Drone x2  
  42  4:00  Overlord x2  
  44  4:04  Extractor, Drone  
  44  4:06  Extractor  
  43  4:11  Hydralisk Den  
  42  4:17  Drone  
  42  4:18  Drone x3  
  42  4:19  Overlord  
  42  4:20  Drone x2  
  48  4:24  Drone  
  48  4:44  Zergling x2  
  48  4:45  Zergling x6  
  50  4:55  Drone x3  
  50  4:56  Centrifical Hooks, Drone x3  
  50  4:57  Lurker Den  
  54  5:07  Drone  
  54  5:08  Zergling x4  
  56  5:15  Grooved Spines  
  56  5:21  Evolution Chamber  
  55  5:22  Evolution Chamber  
  55  5:23  Drone x2  
  55  5:25  Nydus Network  
  55  5:45  Hydralisk x4  
  63  5:53  Baneling x2  
  63  5:54  Baneling  
  63  5:56  Baneling  
  63  5:57  Extractor  
  63  5:59  Hatchery, Drone x4  
  63  6:01  Hydralisk  
  67  6:08  Overlord x2  
  67  6:15  Pneumatized Carapace  
  67  6:24  Overlord x3  
  67  6:27  Muscular Augments  
  67  6:38  Overlord  
  67  6:39  Hydralisk x4  
  69  6:44  Zerg Missile Weapons Level 1  
  75  7:06  Hatchery  
  74  7:08  Extractor  
  74  7:10  Extractor  
  70  7:17  Hydralisk x2  
  70  7:18  Hydralisk x6  
  86  7:42  Lurker x3  
  89  7:51  Drone  
  89  7:52  Drone x4  
  89  7:53  Drone x5  
  89  7:54  Queen  
  101  8:08  Lurker x2  
  101  8:09  Baneling x3  
  101  8:10  Baneling  
  103  8:20  Nydus Canal  
Show
View Real Time Build Order
Export as new Build Order

Arto Protoss 

Build Orders:  

Get SALT Encoding   

  12  0:01  Probe  
  13  0:18  Probe  
  13  0:19  Pylon  
  14  0:32  Probe  
  15  0:38  Gateway  
  15  0:44  Probe  
  16  0:56  Assimilator, Probe  
  17  1:17  Pylon  
  17  1:22  Forge  
  17  1:34  Cybernetics Core  
  17  1:35  Zealot  
  17  1:38  Probe  
  20  2:02  Probe (Chrono Boost)  
  20  2:04  Nexus  
  21  2:10  Assimilator  
  21  2:21  Probe  
  22  2:33  Probe  
  23  2:45  Photon Cannon, Probe  
  24  2:57  Stalker, Pylon, Probe  
  27  3:09  Probe  
  28  3:17  Stargate  
  28  3:21  Probe  
  28  3:22  Probe  
  30  3:28  Assimilator  
  30  3:35  Probe  
  31  3:41  Protoss Shields Level 1  
  31  3:43  Warp Gate  
  31  3:51  Probe  
  32  3:59  Assimilator  
  32  4:06  Probe (Chrono Boost)  
  32  4:07  Probe (Chrono Boost)  
  36  4:17  Probe (Chrono Boost)  
  36  4:18  Probe (Chrono Boost)  
  36  4:23  Pylon  
  37  4:26  Probe (Chrono Boost)  
  37  4:27  Probe (Chrono Boost)  
  37  4:28  Void Ray  
  37  4:31  Probe (Chrono Boost)  
  43  4:41  Probe (Chrono Boost)  
  44  4:48  Stargate  
  44  4:50  Probe (Chrono Boost)  
  45  4:53  Pylon  
  45  4:55  Probe (Chrono Boost)  
  45  4:56  Probe  
  47  5:06  Probe  
  48  5:11  Void Ray (Chrono Boost)  
  52  5:28  Nexus  
  52  5:35  Pylon  
  56  5:48  Void Ray (Chrono Boost), Probe  
  57  5:51  Void Ray (Chrono Boost)  
  61  5:57  Photon Cannon  
  61  6:00  Photon Cannon, Probe  
  61  6:01  Photon Cannon  
  62  6:10  Probe  
  63  6:12  Probe  
  64  6:23  Shield Battery  
  64  6:29  Probe  
  65  6:33  Probe  
  65  6:38  Void Ray x2, Pylon  
  76  6:47  Probe (Chrono Boost)  
  76  6:49  Assimilator  
  76  6:50  Probe (Chrono Boost)  
  76  6:54  Pylon  
  76  6:57  Probe (Chrono Boost)  
  77  7:02  Probe (Chrono Boost)  
  78  7:11  Stargate  
  78  7:13  Probe  
  79  7:21  Void Ray x2  
  87  7:25  Probe  
  88  7:36  Protoss Air Weapons Level 1 (Chrono Boost)  
  88  7:37  Probe  
  89  7:44  Assimilator  
  89  7:49  Probe  
  90  8:00  Void Ray (Chrono Boost)  
  90  8:01  Probe  
  90  8:05  Void Ray x2 (Chrono Boost)  
  103  8:19  Pylon  
  103  8:24  Pylon  
  103  8:43  Stargate  
Show
View Real Time Build Order
Export as new Build Order

Broth Terran 

Build Orders:  

Get SALT Encoding   

  12  0:02  SCV  
  13  0:16  SCV  
  14  0:28  SCV  
  15  0:29  Supply Depot  
  15  0:51  SCV  
  15  0:53  Barracks  
  16  1:00  Supply Depot  
  16  1:03  SCV  
  17  1:11  Refinery  
  17  1:15  SCV  
  18  1:22  Barracks  
  18  1:27  SCV  
  19  1:39  SCV  
  20  1:49  Marine  
  20  1:51  SCV  
  22  2:03  SCV  
  22  2:07  Marine  
  22  2:08  Command Center  
  24  2:16  SCV  
  24  2:20  Refinery  
  25  2:28  SCV  
  26  2:40  Barracks Tech Lab  
  26  2:41  Barracks Reactor  
  26  2:52  SCV  
  27  3:01  Factory  
  27  3:04  SCV  
  28  3:11  Marauder  
  30  3:16  SCV  
  31  3:20  Marine  
  31  3:21  Marine  
  33  3:28  SCV  
  33  3:29  SCV  
  33  3:32  Marauder  
  37  3:36  Refinery  
  37  3:38  Marine  
  37  3:40  SCV  
  39  3:41  SCV  
  40  3:49  Factory Tech Lab  
  40  3:52  Factory  
  40  3:53  SCV  
  41  3:57  Marine  
  41  3:59  Marine  
  43  4:05  SCV  
  43  4:07  SCV  
  45  4:18  SCV  
  46  4:24  Supply Depot  
  46  4:37  Orbital Command  
  46  4:45  SCV  
  46  4:47  Supply Depot, Marine x3  
  46  4:50  Siege Tank  
  53  4:53  Factory Tech Lab  
  53  4:56  Command Center  
  53  4:58  SCV  
  54  5:08  Marauder  
  54  5:10  Supply Depot  
  54  5:23  Siege Tank x2  
  58  5:30  Marauder  
  53  5:45  Orbital Command  
  53  5:51  Marauder  
  53  5:54  SCV  
  56  5:58  Refinery  
  56  6:03  Engineering Bay  
  56  6:07  SCV  
  57  6:18  SCV  
  57  6:19  SCV  
  59  6:27  Bunker, Widow Mine  
  59  6:28  Engineering Bay, Widow Mine  
  59  6:30  SCV  
  59  6:31  SCV  
  65  6:36  Missile Turret  
  65  6:39  Missile Turret  
  65  6:42  SCV  
  66  6:49  Widow Mine  
  68  6:55  SCV  
  68  6:58  Missile Turret  
  68  6:59  Missile Turret  
  69  7:05  Missile Turret  
  69  7:07  SCV  
  70  7:09  Siege Tank  
  70  7:10  Siege Tank  
  70  7:13  Marine x3  
  79  7:19  SCV  
  80  7:25  Supply Depot  
  80  7:30  Marine  
  80  7:31  Marine x2  
  83  7:37  Armory  
  83  7:47  Supply Depot, Siege Tank  
  83  7:48  Marine x2, SCV  
  83  7:49  Marauder  
  83  7:50  SCV  
  92  7:52  SCV  
  93  8:03  Supply Depot  
  93  8:08  Marine x2  
  93  8:09  SCV x3  
  93  8:11  Marauder  
  100  8:18  Missile Turret  
  100  8:21  SCV x3  
  100  8:24  Refinery  
  100  8:26  Supply Depot, Marine x2  
  105  8:31  Marine  
  105  8:33  Missile Turret, SCV x2  
  108  8:35  Siege Tank x2  
  108  8:38  Missile Turret  
  114  8:44  Marine x2  
  114  8:45  SCV  
  117  8:49  Marine  
  117  8:53  Missile Turret  
  118  9:02  Marine x2  
Tags
 
Add a new tag
Caveats
  • Supply blocks, unpowered buildings, or Contaminate may cause inaccurate times.
  • Supply counts are checked every 10 seconds.